 Dungeon Crawl Stone Soup version 0.21-a0-356-g45b0a09 (webtiles) character file.

27 grizmgrazm2 the Sneak (level 2, -2/19 HPs)
             Began as a Vampire Enchanter on Oct 12, 2017.
             Slain by a gnoll (5 damage)
             ... on level 1 of the Dungeon.
             The game lasted 00:02:11 (1164 turns).

grizmgrazm2 the Sneak (Vampire Enchanter)           Turns: 1164, Time: 00:02:12

Health: -2/19      AC:  2    Str:  7    XL:     2   Next: 93%
Magic:  0/5        EV: 13    Int: 17    God:
Gold:   31         SH:  0    Dex: 14    Spells: 2/5 levels left

rFire    x . .     SeeInvis +   a - +1 dagger
rCold    + + .     Gourm    .   (no shield)
rNeg     + + .     Faith    .   b - +0 robe
rPois    +         Spirit   .   (no helmet)
rElec    .         Reflect  .   (no cloak)
rCorr    .         Harm     .   (no gloves)
MR       .....                  (no boots)
Stlth    ++++......             (no amulet)
HPRegen  0.03/turn              f - ring of ice
MPRegen  0.09/turn              (no ring)

@: regenerating slowly
A: fangs 3, see invisible, unbreathing
a: no special abilities


You were on level 1 of the Dungeon.
You were thirsty.

You visited 1 branch of the dungeon, and saw 2 of its levels.

You collected 31 gold pieces.

Inventory:

Hand Weapons
 a - a +1 dagger (weapon)
Armour
 b - a +0 robe (worn)
Jewellery
 f - a ring of ice (left hand)
Potions
 d - a potion of blood
 g - a potion of curing
Books
 c - a book of Maledictions

   Spells                             Type                      Level
   a - Corona                         Hexes                        1
   b - Ensorcelled Hibernation        Hexes/Ice                    2
   c - Confuse                        Hexes                        3
   d - Tukima's Dance                 Hexes                        3
   e - Dazzling Spray                 Conjuration/Hexes            3


   Skills:
 + Level 1.2 Short Blades
 + Level 2.3 Dodging
 + Level 5.0 Stealth
 + Level 2.3 Spellcasting
 + Level 5.0 Hexes
 + Level 0.1 Ice Magic


You had 2 spell levels left.
You knew the following spells:

 Your Spells              Type           Power        Failure   Level  Hunger
a - Ensorcelled Hibernat  Hex/Ice        ###...       10%         2    ##.....
b - Corona                Hex            ###....      2%          1    #......


Dungeon Overview and Level Annotations

Branches:
Dungeon (2/15)

Altars:


Innate Abilities, Weirdness & Mutations

You heal slowly.
You have razor-sharp teeth.
You have supernaturally acute eyesight. (SInv)
You can survive without breathing.


Message History

Press: ? - help, Shift-Dir - straight line, f/p - gnoll
Aim: a gnoll (chance to defeat MR: 55%)
You feel a surge of power!
The gnoll resists with significant effort.
The gnoll hits you.
* * * LOW HITPOINT WARNING * * *
Casting: Ensorcelled Hibernation
Confirm with . or Enter, or press ? or * to list all spells.
You don't have enough magic to cast that spell.
Unknown command.
Casting: Ensorcelled Hibernation
Confirm with . or Enter, or press ? or * to list all spells.
You don't have enough magic to cast that spell.
Casting: Ensorcelled Hibernation
Confirm with . or Enter, or press ? or * to list all spells.
Aiming: Corona
Press: ? - help, Shift-Dir - straight line, f/p - gnoll
Aim: a gnoll (chance to defeat MR: 66%)
The gnoll barely resists.
The gnoll hits you.
You die...

#.# #.####.....#
##..# #.#
###.##....##.## #..#
#.#
#....#...##...####..#
#.#
#.#.#.......#........
#.#
#.#.##.####...####..#
#.# #†#.##.#
#.........># #.#
#(#.##.# #.####.##.##
#.#####.#.##.# #.#
#.##.#
#.........@g.###.##
#.##.##
#######.#†........#
#.##... #.########.##
#.##### ##.# ### #.#
#..# #.# #.## #.# #.#
####.# #)# #....#####
#.# #.#.......


You could see a gnoll.

Vanquished Creatures
  A gnoll (D:1)
  A bat (D:1)
  4 giant cockroaches (D:1)
  2 goblins
  3 hobgoblins (D:1)
  A kobold (D:1)
  4 rats (D:1)
16 creatures vanquished.

Notes
Turn   | Place    | Note
-------+----------+-------------------------------------------
     0 | D:1      | grizmgrazm2 the Vampire Enchanter began the quest for the Orb.
     0 | D:1      | Reached XP level 1. HP: 13/13 MP: 3/3
   322 | D:1      | Reached XP level 2. HP: 19/19 MP: 5/5
   331 | D:1      | Learned a level 2 spell: Ensorcelled Hibernation
  1014 | D:1      | Reached skill level 5 in Stealth
  1014 | D:1      | Reached skill level 5 in Hexes
  1164 | D:1      | Slain by a gnoll

Vault maps used:
D:1:      dpeg_arrival_chambers_temple_mockup

Skill      XL: |  1  2 |
---------------+-------+-----
Stealth        | 5 |  5.0
Hexes          | 5 |  5.0
Short Blades   | |  1.2
Dodging        | |  2.3
Spellcasting   | |  2.3
Ice Magic      | |  0.1

Action                   || total
-------------------------++-------
Melee: Dagger            ||    36
       Bite              ||     4
 Cast: Corona            ||    13
       Ensorcelled Hiber ||     9
  Use: Scroll            ||     5
 Stab: Sleeping          ||     7
Armor: Robe              ||     8
Dodge: Dodged            ||    14

Table legend:
 A = Spawn XP
 B = Non-spawn XP
 C = Spawn XP percentage of total XP
 D = Spawn monster count
 E = Non-spawn monster count
 F = Spawn count percentage of total count
 G = Total turns spent on level
                    A         B        C        D         E        F      G
               +---------+---------+-------+---------+---------+-------+---------
         Total |       0 |      39 |   0.0 |       0 |      16 |   0.0 |  1164
               +---------+---------+-------+---------+---------+-------+---------
           D:1 |       0 |      37 |   0.0 |       0 |      15 |   0.0 |  1103
           D:2 |       0 |       2 |   0.0 |       0 |       1 |   0.0 |    61
               +---------+---------+-------+---------+---------+-------+---------
